Map: [TLMC21] 10000 Feet

Players

Mixu

  • Race: Zerg Zerg
  • League: Master
  • Spawn Location: 11:00

Geralt (Gerald) - Winner!

  • Race: Protoss Protoss
  • League: Grandmaster
  • Spawn Location: 5:00

VOD

Have the link to the VOD?

Description

Time

  • Played on: Oct. 12, 2025, 2:22 p.m.
  • Length: 6:45
Show
View Real Time Build Order
Export as new Build Order

Mixu Zerg 

Build Orders: Hatch First 

Get SALT Encoding   

  12  0:00  Drone  
  13  0:07  Drone  
  14  0:14  Drone, Extractor  
  15  0:21  Overlord  
  15  0:40  Drone  
  15  0:42  Drone  
  17  0:50  Hatchery  
  17  0:52  Drone  
  18  0:57  Drone  
  18  1:06  Extractor  
  17  1:12  Spawning Pool  
  17  1:13  Drone  
  17  1:17  Drone  
  18  1:27  Drone  
  19  1:37  Drone  
  20  1:51  Overlord  
  20  2:00  Zergling x2  
  21  2:01  Zergling x2  
  21  2:04  Queen x2  
  26  2:08  Metabolic Boost  
  26  2:12  Zergling x2  
  26  2:15  Drone  
  28  2:20  Drone  
  29  2:26  Drone  
  30  2:31  Drone  
  31  2:39  Zergling x2  
  31  2:43  Hatchery  
  31  2:46  Zergling x2  
  32  2:52  Overlord  
  32  2:56  Zergling x2  
  33  3:01  Zergling x2  
  34  3:06  Zergling x4  
  34  3:07  Extractor  
  39  3:12  Zergling x8  
  39  3:15  Zergling x2  
  39  3:21  Zergling x6  
  39  3:26  Zergling x2  
  43  3:29  Zergling x2  
  44  3:37  Overlord  
  43  3:46  Overlord  
  43  3:47  Queen  
  46  3:58  Drone x3  
  46  4:00  Drone x2  
  46  4:02  Drone  
  50  4:04  Drone  
  50  4:11  Spore Crawler  
  50  4:13  Extractor  
  50  4:14  Drone x2  
  48  4:22  Zergling x6  
  52  4:26  Zergling x4  
  52  4:31  Zergling x4  
  56  4:34  Zergling x2  
  57  4:40  Zergling x4  
  57  4:43  Zergling x4  
  58  4:49  Zergling x4  
  58  4:56  Zergling x6  
  58  4:58  Zergling x2  
  56  5:02  Zergling x2  
  56  5:03  Zergling x2  
  48  5:10  Zergling x4  
  48  5:12  Zergling x2  
  47  5:16  Zergling x2  
  47  5:18  Zergling x2  
  46  5:21  Zergling x2  
  46  5:27  Zergling x4  
  47  5:32  Zergling x4  
  48  5:36  Zergling x4  
  48  5:41  Zergling x2  
  50  5:45  Zergling x4  
  51  5:50  Zergling x4  
  51  5:53  Zergling x2  
  54  5:59  Zergling x2  
  54  6:00  Zergling x2  
  50  6:05  Zergling x4  
  47  6:11  Zergling x2  
  47  6:17  Zergling x6  
  32  6:27  Zergling x6  
Show
View Real Time Build Order
Export as new Build Order

Geralt Protoss - Winner!

Build Orders: 1 Gate Expand, Oracle Opening 

Get SALT Encoding   

  12  0:00  Probe  
  13  0:12  Probe  
  14  0:20  Pylon  
  14  0:24  Probe  
  15  0:34  Probe  
  15  0:40  Gateway  
  16  0:42  Probe  
  17  0:50  Assimilator  
  17  0:53  Probe  
  18  1:05  Probe  
  19  1:17  Probe  
  20  1:26  Nexus  
  20  1:29  Probe  
  21  1:38  Cybernetics Core  
  21  1:42  Probe  
  21  1:46  Assimilator  
  22  1:52  Pylon  
  22  1:57  Probe  
  23  2:04  Adept  
  23  2:10  Probe  
  26  2:22  Stargate, Probe  
  27  2:25  Adept  
  27  2:34  Probe  
  27  2:36  Warp Gate  
  30  2:38  Probe  
  31  2:47  Probe  
  31  2:50  Probe  
  33  2:54  Adept  
  35  2:59  Probe  
  35  3:02  Probe  
  37  3:09  Oracle  
  37  3:11  Probe  
  38  3:16  Gateway  
  38  3:18  Probe  
  42  3:23  Probe  
  43  3:30  Probe  
  43  3:33  Pylon  
  44  3:37  Gateway  
  44  3:39  Probe  
  45  3:43  Probe  
  46  3:49  Oracle  
  46  3:51  Probe  
  46  3:55  Probe  
  51  4:00  Twilight Council  
  51  4:03  Probe  
  51  4:04  Pylon  
  51  4:07  Probe  
  53  4:15  Probe  
  54  4:18  Oracle  
  54  4:20  Nexus  
  54  4:21  Pylon  
  54  4:22  Probe  
  55  4:28  Gateway  
  58  4:31  Assimilator  
  58  4:32  Gateway  
  58  4:44  Adept x2  
  58  4:45  Probe  
  63  4:48  Probe  
  63  4:51  Gateway  
  64  4:54  Pylon, Gateway  
  62  5:00  Gateway  
  62  5:05  Gateway  
  54  5:07  Sentry  
  54  5:08  Zealot  
  54  5:13  Probe  
  57  5:15  Probe  
  58  5:22  Gateway  
  58  5:24  Gateway  
  58  5:26  Stalker  
  61  5:29  Stalker  
  61  5:34  Shield Battery  
  61  5:35  Shield Battery, Sentry  
  64  5:39  Pylon  
  64  5:41  Pylon  
  64  5:44  Adept  
  66  5:55  Zealot x3  
  66  6:05  Zealot x2  
  70  6:15  Zealot x4  
  70  6:16  Probe  
  70  6:17  Probe  
  69  6:27  Zealot  
  69  6:28  Probe  
  69  6:29  Probe  
Tags
 
Add a new tag
Caveats
  • Supply blocks, unpowered buildings, or Contaminate may cause inaccurate times.
  • Supply counts are checked every 10 seconds.